 Dungeon Crawl Stone Soup version 0.29.1-2-gbd0b4ee654 (webtiles) character file.

Game seed: 4480419874199716725

373 Lutefisk the Trooper (level 6, 0/47 (56) HPs)
             Began as a Hill Orc Fighter on Oct 29, 2022.
             Was an Initiate of Beogh.
             Slain by a wight
             ... wielding a +0 falchion
              (3 damage)
             ... on level 4 of the Dungeon.
             The game lasted 00:08:16 (1673 turns).

Lutefisk the Trooper (Hill Orc Fighter)             Turns: 1673, Time: 00:08:17

HP:   0/47 (56)     AC:  9    Str: 21    XL:     6   Next: 71%
MP:   6/6           EV: 10    Int:  8    God:    Beogh [......]
Gold: 169           SH:  5    Dex: 16    Spells: 5/5 levels left

rFire   . . .      SeeInvis .   a - +0 war axe
rCold   . . .      Faith    .   c - +0 buckler
rNeg    . . .      Spirit   .   m - +3 ring mail
rPois   .          Reflect  .   (no helmet)
rElec   .          Harm     .   (no cloak)
rCorr   .          Rampage  .   (no gloves)
Will    .....                   (no boots)
Stlth   +.........              h - amulet of the acrobat
HPRegen 0.15/turn               p - +6 ring of dexterity
MPRegen 0.10/turn               (no ring)

@: heavily drained
A: no striking features
a: Renounce Religion


You were on level 4 of the Dungeon.
You worshipped Beogh.
Beogh was noncommittal.
You visited 1 branch of the dungeon, and saw 5 of its levels.

You collected 169 gold pieces.

Inventory:

Hand Weapons
 a - a +0 war axe (weapon)
Missiles
 i - 6 poisoned darts (quivered)
Armour
 c - a +0 buckler (worn)
 m - a +3 ring mail (worn)
Jewellery
 h - an amulet of the acrobat (around neck)
 p - a +6 ring of dexterity (left hand)
Wands
 o - a wand of flame (24)
 t - a wand of polymorph (10)
Scrolls
 b - a scroll of noise {unknown}
 e - 2 scrolls of immolation {unknown}
 g - 3 scrolls of vulnerability {unknown}
 j - a scroll of teleportation {unknown}
 k - a scroll of torment {unknown}
 l - 3 scrolls of amnesia {unknown}
 n - 2 scrolls of identify {unknown}
Potions
 d - a potion of might
 f - 2 potions of curing
 q - 2 potions of lignification {unknown}
 r - a potion of invisibility {unknown}
 s - 2 potions of flight {unknown}


   Skills:
 * Level 5.2 Fighting
 * Level 5.1 Axes
 * Level 4.9 Armour
 * Level 4.9 Shields


You had 5 spell levels left.
You didn't know any spells.
Your spell library contained the following spells:

 Spells                   Type           Power      Damage    Failure   Level
 Blink                    Tloc           0%         N/A       80%         2
 Lesser Beckoning         Tloc           0%         N/A       95%         3
 Manifold Assault         Tloc           0%         N/A       100%        5


Dungeon Overview and Level Annotations

Branches:
Dungeon (5/15)
 Temple: D:4-7

Altars:


Message History

You closely miss the wight.
The wight is heavily damaged.
You block the wight's attack. The wight hits you with a +0 falchion!
* * * LOW HITPOINT WARNING * * *
You feel drained.
* * * LOW HITPOINT WARNING * * *
You closely miss the wight.
The wight is heavily damaged.
The wight barely misses you.
You barely miss the wight.
The wight is heavily damaged.
The wight completely misses you.
You barely miss the wight.
The wight is heavily damaged.
The wight barely misses you. The wight hits you but does no damage.
You barely miss the wight.
The wight is heavily damaged.
The wight barely misses you.
You barely miss the wight.
The wight is heavily damaged.
The wight closely misses you.
You hit the wight.
The wight is heavily damaged.
You block the wight's attack.
It was a potion of curing.
You feel better. You block the wight's attack.
You barely miss the wight.
The wight is heavily damaged.
The wight closely misses you. The wight hits you with a +0 falchion.
* * * LOW HITPOINT WARNING * * *
You feel drained.
* * * LOW HITPOINT WARNING * * *
You hit the wight.
The wight is severely damaged.
The wight misses you.
You hit the wight but do no damage.
The wight is severely damaged.
The wight hits you with a +0 falchion!
* * * LOW HITPOINT WARNING * * *
You feel drained.
You die...

#.....# #.### ###### ###'###
#.# # #.# #.##### # ######
#.# #.....# #....###.#
#####.# ###.##.....#
#.####### ....#..#####
#.......#
##.........################.#
#.##......÷.)..@z...÷..# #.#
#.##.###...###########.###.#
#..........# #...<...#.#
#.###.#....#### #...#.#.#.#
######.#.......######.#...#.#
.......#.#####.#......#.###.#
#####..#.....#.##.###.......#
#....##.##......#.#######
#.##.## # #......#


You could see a wight.

Vanquished Creatures
  A phantom (D:3)
  A necrophage (D:5)
  2 scorpions (D:5)
  A gnoll (D:3)
  4 adders
  An ufetubus (D:5)
  A worm (D:4)
  A dart slug (D:4)
  3 orcs (D:4)
  5 endoplasms
  3 giant cockroaches
  5 goblins
  2 hobgoblins
  13 jackals (D:1)
  5 quokkas
  4 ball pythons
  8 bats
  A frilled lizard (D:1)
  3 kobolds
64 creatures vanquished.

Vanquished Creatures (others)
  An orc priest (D:4)
  A goblin (D:4)
2 creatures vanquished.

Grand Total: 66 creatures vanquished

Notes
Turn   | Place    | Note
-------+----------+-------------------------------------------
     0 | D:1      | Lutefisk the Hill Orc Fighter began the quest for the Orb.
     0 | D:1      | Reached XP level 1. HP: 19/19 MP: 1/1
   173 | D:1      | Reached XP level 2. HP: 19/27 MP: 2/2
   286 | D:1      | Reached XP level 3. HP: 22/33 MP: 3/3
   620 | D:3      | Reached XP level 4. HP: 38/40 MP: 4/4
   925 | D:4      | Became a worshipper of Beogh the Brigand
   935 | D:4      | Noticed a phantom
   942 | D:4      | Noticed a scorpion
   990 | D:3      | Killed a phantom
   991 | D:3      | Reached XP level 5. HP: 15/47 MP: 5/5
  1586 | D:5      | Entered Level 5 of the Dungeon
  1592 | D:5      | Reached XP level 6. HP: 48/55 MP: 6/6
  1604 | D:5      | Reached skill level 5 in Fighting
  1620 | D:5      | Reached skill level 5 in Axes
  1663 | D:4      | HP: 2/51 [wight/+0 falchion (2)]
  1673 | D:4      | Slain by a wight

Illustrated notes

Levels and vault maps discovered:
D:1:      zelgadis_glass_arrival_small, layout_basic
D:2:      layout_loops_ring
D:3:      layout_loops_ring, dilly_ecumenical_altar_fadedgnrine,
          minmay_misc_feat_room, chequers_serial_rivers_room_a,
          nrook_mini_vaults, hex_medium, minmay_misc_feat_rows
D:4:      layout_basic
D:5:      layout_loops_corners, minmay_temple_entry_antechambers

Skill      XL: |  1  2  3  4  5  6 |
---------------+-------------------+-----
Axes           | 3 4 5 |  5.1
Fighting       | 4 5 |  5.2
Armour         | 4 |  4.9
Shields        | 4 |  4.9

Action                   |  1- 3 |  4- 6 || total
-------------------------+-------+-------++-------
Melee: War axe           |    97 |   104 ||   201
Throw: Dart              |       |     2 ||     2
Invok: Convert to Beogh  |       |     1 ||     1
Evoke: Wand              |       |     1 ||     1
  Use: Potion            |       |     1 ||     1
Armor: Scale mail        |    53 |       ||    53
       Ring mail         |       |    52 ||    52
Dodge: Dodged            |    62 |    83 ||   145
Block: Buckler           |    40 |    37 ||    77
